Map: Port Aleksander LE

Players

HotStove - Winner!

  • Race: Terran Terran
  • Spawn Location: 5:00

Shask

  • Race: Zerg Zerg
  • League: Master
  • Spawn Location: 11:00

VOD

Have the link to the VOD?

Description

Time

  • Played on: Dec. 10, 2018, 4:33 p.m.
  • Length: 12:47
Show
View Real Time Build Order
Export as new Build Order

HotStove Terran - Winner!

Build Orders: Gas First Reaper Expand 

Get SALT Encoding   

  12  0:01  SCV  
  13  0:13  SCV  
  14  0:18  Supply Depot  
  14  0:25  SCV  
  15  0:29  Refinery  
  15  0:39  SCV  
  16  0:46  Barracks  
  16  0:51  SCV  
  17  1:03  SCV  
  18  1:15  SCV  
  19  1:33  Orbital Command, Reaper  
  20  1:45  Command Center  
  20  1:57  Factory  
  20  2:00  SCV  
  21  2:11  Barracks Reactor, Refinery  
  21  2:14  SCV  
  22  2:20  Supply Depot  
  22  2:26  SCV  
  23  2:41  SCV  
  24  2:45  Starport  
  24  2:53  SCV  
  24  2:55  Hellion x2  
  29  3:00  Orbital Command  
  29  3:03  Barracks Tech Lab  
  29  3:06  SCV  
  30  3:19  Hellion x2  
  34  3:23  SCV  
  35  3:28  SCV  
  36  3:35  SCV  
  36  3:36  Supply Depot  
  36  3:38  Viking  
  36  3:40  SCV  
  40  3:46  Barracks Tech Lab  
  40  3:49  SCV  
  40  3:52  SCV  
  42  3:58  Hellion  
  42  4:00  Supply Depot, Hellion  
  46  4:04  SCV x2  
  48  4:18  SCV  
  48  4:19  SCV  
  50  4:25  Command Center  
  50  4:31  SCV x2  
  52  4:46  SCV x2, Fusion Core  
  52  4:48  Refinery  
  52  4:50  Refinery  
  52  4:52  Hellion x2  
  58  4:57  Starport  
  58  4:58  SCV x2  
  60  5:01  Supply Depot  
  60  5:10  SCV x2  
  62  5:23  SCV x2  
  64  5:29  Hellion x2  
  64  5:35  SCV x2  
  70  5:37  Battlecruiser x2  
  82  5:43  Armory  
  82  5:47  SCV x2  
  84  5:51  Weapon Refit  
  84  5:54  Orbital Command  
  83  6:03  SCV x2  
  84  6:15  SCV  
  85  6:21  Hellion x2, SCV  
  85  6:22  Supply Depot  
  85  6:24  Orbital Command  
  90  6:26  Factory x2  
  90  6:27  SCV  
  90  6:32  Supply Depot  
  91  6:34  Engineering Bay  
  91  6:38  Refinery  
  91  6:43  Hellion  
  91  6:44  Hellion, SCV x2  
  91  6:46  Supply Depot, Terran Vehicle And Ship Armor Level 1  
  97  6:56  SCV x2  
  97  6:58  Banshee x2  
  97  7:00  Refinery  
  101  7:12  SCV x2  
  101  7:13  Factory Tech Lab x2, SCV  
  101  7:14  Hellion x2  
  106  7:24  SCV x2  
  108  7:30  SCV  
  108  7:34  Supply Depot  
  108  7:35  Supply Depot, Cyclone  
  108  7:36  Cyclone, Mag-Field Accelerator, SCV  
  108  7:37  SCV  
  101  7:44  Banshee x2  
  101  7:47  SCV  
  101  7:49  SCV  
  101  7:50  Missile Turret x2  
  109  7:53  Missile Turret  
  109  7:58  SCV  
  104  7:59  Hellion x2, SCV  
  104  8:04  SCV  
  110  8:10  SCV  
  114  8:12  Cyclone  
  114  8:13  Cyclone  
  117  8:21  Command Center  
  117  8:23  SCV x2  
  117  8:24  SCV  
  120  8:28  Supply Depot  
  120  8:30  Sensor Tower  
  120  8:31  Cloaking Field  
  120  8:32  Supply Depot, Banshee  
  120  8:33  Banshee  
  126  8:35  Hyperflight Rotors  
  126  8:40  SCV x2  
  129  8:44  SCV  
  129  8:49  Cyclone  
  129  8:50  Cyclone  
  129  8:51  Hellion x2  
  138  9:03  Factory  
  138  9:05  Factory, SCV  
  137  9:15  Banshee  
  140  9:27  Hellion, Cyclone x2  
  140  9:28  Hellion  
  140  9:30  Supply Depot x2  
  150  9:31  SCV  
  150  9:32  SCV x2  
  150  9:36  Banshee  
  156  9:44  SCV x2  
  158  9:49  Hellion  
  158  9:52  Factory Tech Lab, Factory Reactor  
  160  9:53  Infernal Pre-Igniter  
  160  9:56  Sensor Tower, Refinery  
  160  9:57  Refinery  
  160  9:58  Banshee  
  158  10:09  Planetary Fortress  
  147  10:16  Hellion x4  
  147  10:19  SCV x3  
  148  10:26  Cyclone  
  144  10:31  SCV x3  
  144  10:33  Hellion x2  
  144  10:34  Banshee  
  138  10:43  SCV x3  
  138  10:45  Hellion x2, Cyclone x2  
  138  10:46  Banshee  
  138  10:47  SCV  
  155  10:55  SCV x2  
  155  10:56  SCV  
  158  10:59  Supply Depot, SCV  
  159  11:07  Cyclone, SCV  
  159  11:08  Hellion x4, SCV  
  172  11:16  Banshee  
  172  11:17  Hellion, Cyclone  
  180  11:20  Factory  
  133  11:28  Banshee  
  119  11:33  Hellion x4  
  119  11:39  Hellion  
  129  11:42  Hellion  
  131  11:50  Hellion  
  131  11:53  SCV x2  
  135  11:54  Hellion  
  135  11:58  Command Center  
  135  11:59  Banshee  
  129  12:01  Hellion  
  129  12:02  Hellion x3  
  129  12:03  Hellion  
  139  12:08  SCV  
  139  12:09  SCV x3  
  146  12:18  Factory Tech Lab  
  146  12:21  Starport, SCV  
Show
View Real Time Build Order
Export as new Build Order

Shask Zerg 

Build Orders: Hatch First 

Get SALT Encoding   

  12  0:01  Drone  
  13  0:12  Overlord  
  13  0:19  Drone  
  14  0:31  Drone x2  
  14  0:35  Drone  
  17  0:54  Hatchery  
  16  0:57  Drone  
  16  1:02  Drone  
  18  1:12  Extractor  
  18  1:17  Spawning Pool  
  16  1:19  Drone  
  16  1:22  Drone  
  18  1:31  Drone  
  19  1:40  Overlord  
  19  2:00  Drone  
  20  2:06  Zergling x2, Queen x2  
  20  2:07  Zergling x2  
  26  2:13  Drone  
  27  2:17  Drone  
  27  2:18  Metabolic Boost  
  28  2:24  Drone  
  29  2:38  Drone x2  
  31  2:52  Hatchery, Drone x3  
  33  3:01  Overlord  
  33  3:02  Drone  
  33  3:04  Queen  
  36  3:19  Drone x4  
  41  3:20  Drone x2  
  41  3:22  Overlord  
  41  3:27  Overlord  
  42  3:33  Overlord  
  42  3:35  Zergling x4  
  44  3:44  Zergling x2  
  44  3:45  Zergling x2  
  44  3:46  Queen  
  48  3:50  Drone  
  48  3:51  Drone x3  
  52  4:02  Overlord  
  52  4:04  Queen  
  52  4:07  Queen  
  52  4:08  Overlord  
  56  4:13  Zergling x8  
  60  4:18  Zergling x2  
  60  4:19  Zergling x2  
  60  4:21  Extractor  
  60  4:23  Zergling x6  
  64  4:28  Drone x4  
  68  4:33  Spore Crawler  
  68  4:35  Spore Crawler, Drone  
  67  4:39  Spore Crawler  
  66  4:47  Drone x4  
  70  4:53  Overlord  
  70  4:56  Drone x2  
  72  5:04  Evolution Chamber  
  72  5:05  Evolution Chamber  
  72  5:06  Drone x2  
  72  5:07  Drone x2  
  74  5:17  Drone x3  
  74  5:18  Drone  
  74  5:20  Baneling Nest  
  77  5:26  Lair  
  75  5:31  Zergling x12  
  81  5:37  Overlord x2  
  81  5:38  Zerg Ground Armor Level 1  
  81  5:39  Zerg Melee Weapons Level 1  
  79  6:02  Drone x4  
  79  6:03  Drone x13  
  95  6:07  Extractor  
  95  6:08  Extractor  
  95  6:09  Zergling x4  
  86  6:23  Zergling x4  
  88  6:30  Extractor  
  88  6:31  Hydralisk Den  
  86  6:35  Zergling x6  
  86  6:38  Hatchery  
  88  6:44  Zergling x4  
  88  6:45  Zergling x8  
  94  6:51  Overseer x2  
  94  6:54  Hatchery, Drone x3  
  94  6:59  Zergling x2  
  97  7:06  Zergling x8  
  97  7:07  Zergling x4  
  83  7:11  Hydralisk x6  
  87  7:21  Hydralisk x2  
  87  7:22  Hydralisk  
  91  7:24  Hydralisk x2  
  91  7:30  Hydralisk x2  
  91  7:33  Queen x2  
  82  7:51  Zergling x4  
  80  8:04  Zergling x4  
  80  8:05  Centrifical Hooks  
  82  8:08  Queen x2  
  86  8:18  Hydralisk x2  
  88  8:21  Hatchery  
  88  8:26  Hydralisk x3  
  87  8:29  Zergling x2  
  88  8:39  Zerg Missile Weapons Level 1  
  88  8:49  Overlord x2  
  88  8:50  Overlord  
  88  8:52  Extractor  
  86  9:10  Zergling x24  
  86  9:11  Zergling x8  
  86  9:12  Queen, Extractor  
  86  9:13  Extractor  
  102  9:20  Muscular Augments  
  102  9:22  Zerg Melee Weapons Level 2  
  101  9:26  Drone x8  
  101  9:30  Zergling x6  
  112  9:41  Drone x4  
  112  9:42  Drone x2  
  114  9:56  Hydralisk x2  
  114  9:58  Overlord x5  
  114  10:07  Hydralisk  
  115  10:15  Overseer x2  
  113  10:23  Hatchery, Hydralisk x3  
  113  10:24  Hydralisk x3  
  113  10:25  Zergling x4  
  113  10:26  Zergling x4  
  113  10:27  Hydralisk x2  
  113  10:28  Hydralisk  
  129  10:31  Spore Crawler  
  129  10:32  Grooved Spines  
  129  10:35  Hydralisk x2  
  132  10:43  Zergling x2  
  132  10:44  Zergling x6, Hydralisk  
  138  10:57  Baneling x17  
  138  11:12  Zergling x4  
  138  11:13  Zergling x4  
  139  11:22  Hydralisk x5  
  117  11:26  Hydralisk  
  117  11:27  Zergling x2  
  117  11:28  Zergling x2  
  117  11:30  Hydralisk  
  105  11:34  Hydralisk  
  99  11:41  Zergling x2  
  99  11:42  Zergling x4  
  99  11:47  Hydralisk x3  
  108  11:55  Hydralisk  
  108  11:56  Hydralisk  
  112  12:04  Hydralisk x2  
  112  12:28  Hatchery  
Tags
 
Add a new tag
Caveats
  • Supply blocks, unpowered buildings, or Contaminate may cause inaccurate times.
  • Supply counts are checked every 10 seconds.